 Dungeon Crawl Stone Soup version 0.31-a0-986-g5e6e4ef867 (webtiles) character file.

Game seed: 12134230683198129856

172 promet the Magician (level 5, -6/29 HPs)
             Began as a Deep Elf Hedge Wizard on Nov 3, 2023.
             Mangled by Blork the orc
             ... wielding a +0 glaive
              (14 damage)
             ... on level 4 of the Dungeon.
             The game lasted 00:24:41 (5695 turns).

promet the Magician (Deep Elf Hedge Wizard)         Turns: 5695, Time: 00:24:42

Health: -6/29      AC:  3    Str:  7    XL:     5   Next: 27%
Magic:  15/15      EV: 12    Int: 21    God:
Gold:   254        SH:  0    Dex: 14    Spells: 9/15 levels left

rFire   . . .        a - +0 dagger
rCold   . . .        (no shield)
rNeg    . . .        s - +0 leather armour
rPois   .            c - +0 hat
rElec   .            (no cloak)
rCorr   +            (no gloves)
SInv    .            (no boots)
Will    .....        (no amulet)
Stlth   ++           f - ring of resist corrosion
HPRegen 0.24/turn    (no ring)
MPRegen 0.14/turn

%: no passive effects
@: no status effects
A: no striking features
a: no special abilities


You were on level 4 of the Dungeon.
You visited 1 branch of the dungeon, and saw 4 of its levels.

You collected 254 gold pieces.

Inventory:

Hand Weapons
 a - a +0 dagger (weapon)
Missiles
 h - 39 stones
 j - 2 poisoned darts
 o - 2 datura-tipped darts
Armour
 b - a +0 robe
 c - a +0 hat (worn)
 s - a +0 leather armour (worn)
Magical Staves
 l - a staff of air
Jewellery
 f - a ring of resist corrosion (left hand)
 t - a ring of ice
Scrolls
 i - 2 scrolls of teleportation
 m - a scroll of revelation
 p - a scroll of enchant weapon {unknown}
 r - a scroll of vulnerability {unknown}
 u - a scroll of fog
Potions
 d - a potion of magic
 e - a potion of lignification
 g - a potion of curing
 k - a potion of berserk rage
 n - 2 potions of might {unknown}
 q - a potion of invisibility {unknown}


   Skills:
 * Level 1.4 Fighting
 + Level 0.8 Short Blades
 + Level 0.6 Armour
 + Level 2.9 Dodging
 + Level 3.3 Stealth
 + Level 5.6 Spellcasting
 + Level 1.8 Conjurations
 + Level 0.3 Hexes
 + Level 1.9 Summonings
 + Level 1.1 Translocations
 * Level 1.1 Evocations


You had 9 spell levels left.
You knew the following spells:

 Your Spells              Type           Power      Damage    Failure   Level
a - Magic Dart            Conj           52%        1d5       7%          1
b - Blink                 Tloc           20%        N/A       14%         2
c - Call Imp              Summ           28%        N/A       10%         2
d - Slow                  Hex            28%        N/A       13%         1

Your spell library contained the following spells:

 Spells                   Type           Power      Damage    Failure   Level
 Kiss of Death            Conj/Necr      36%        2d8       11%         1
 Cigotuvi's Dreadful Rot  Necr/Pois/Air  10%        N/A       22%         2
 Mephitic Cloud           Conj/Pois/Air  8%         N/A       34%         3
 Confusing Touch          Hex            7%         N/A       36%         3
 Dispel Undead            Necr           5%         3d7       83%         4


Dungeon Overview and Level Annotations

Branches:
Dungeon (4/15)
 Temple: D:4-7

Altars:

Shops:
D:3 *

Annotations:
D:4 1 runed translucent door, Blork the orc, Crazy Yiuf


Message History

The magic dart hits you.
Casting: Call Imp (safe; 10% risk of failure)
Confirm with . or Enter, or press ? or * to list all spells.
A tiny devil pulls itself out of the air.
Blork the orc mumbles some strange words.
Blork the orc seems to speed up.
The hound barely misses your cerulean imp.
Your cerulean imp hits Blork the orc but does no damage.
The hound bites your cerulean imp but does no damage.
Your cerulean imp hits Blork the orc with a -3 spear.
The hound barely misses your cerulean imp.
The hound barely misses your cerulean imp.
Your cerulean imp misses Blork the orc.
The hound bites your cerulean imp but does no damage.
There is an open door here.
Something bites your cerulean imp but does no damage.
Your cerulean imp hits Blork the orc but does no damage.
Blork the orc miscasts a cantrip.
Something bites your cerulean imp but does no damage.
There is an open door here.
Blork the orc points at you and mumbles some strange words.
The magic dart hits you.
Your cerulean imp barely misses Blork the orc.
Something closely misses your cerulean imp.
Something misses your cerulean imp.
There is an open door here.
Blork the orc attacks as he pursues you!
Blork the orc hits you from afar with a +0 glaive!
Blork the orc attacks as he pursues you!
Blork the orc closely misses you. Blork the orc completely misses you.
Blork the orc gestures at you while chanting.
The magic dart hits you!
* * * LOW HITPOINT WARNING * * *
Your cerulean imp barely misses Blork the orc.
The hound barely misses your cerulean imp.
Blork the orc looks braver for a moment.
The hound barely misses your cerulean imp.
There is a stone staircase leading up here.
Blork the orc hits you from afar with a +0 glaive!
You die...

♣♣♣ ###
#.............##... ♣
#..............'>..
#......h......##... ###
#.)....######.##... #.#
#......# #.#####
#.####### #......# #.#
#.##....###......# #.#
#.##....#........#
..#####
#.##....#...@#####
####... #.##....#....#
#o## ### #.##....#...o#
### #.##
.)###.......'....# #..
.... #...........#...5#
#.# ####...#
##.<.....####....#####.#
...#.... #.......#
###h##...#.###.......
##.......#
#.##...#.....###...
#........#
#..'...5.h..h.h....


You could see Blork the orc (fast, ally target), a hound, a jackal (wandering)
and a friendly cerulean imp (summoned).

Vanquished Creatures
  An orc wizard (D:3)
  A worm (D:3)
  4 orcs
  7 endoplasms
  4 goblins
  3 hobgoblins
  A jackal (D:4)
  5 kobolds
  4 quokkas
  4 ball pythons
  3 bats
  2 frilled lizards (D:1)
  5 rats
44 creatures vanquished.

Vanquished Creatures (collateral kills)
  A jelly (D:3)
  An orc wizard (D:3)
  An adder (D:2)
  2 worms (D:3)
  A dart slug (D:2)
  2 orcs (D:3)
  An endoplasm (D:3)
  2 hobgoblins (D:2)
  2 quokkas (D:3)
  3 ball pythons (D:2)
  5 frilled lizards
  4 rats
25 creatures vanquished.

Grand Total: 69 creatures vanquished

Notes
Turn   | Place    | Note
-------+----------+-------------------------------------------
     0 | D:1      | promet the Deep Elf Hedge Wizard began the quest for the
                  | Orb.
     0 | D:1      | Reached XP level 1. HP: 10/10 MP: 7/7
    64 | D:1      | Found a faded altar of an unknown god.
   344 | D:1      | Reached XP level 2. HP: 9/15 MP: 9/9
   474 | D:1      | Learned a level 2 spell: Blink
   477 | D:1      | Learned a level 2 spell: Call Imp
   479 | D:1      | Learned a level 1 spell: Slow
  1773 | D:2      | Reached skill level 5 in Spellcasting
  1868 | D:2      | Reached XP level 3. HP: 20/20 MP: 4/11
  3144 | D:3      | Reached skill level 1 in Fighting
  3624 | D:3      | Reached XP level 4. HP: 12/25 MP: 5/13
  4174 | D:3      | Found Beoh's General Store.
  4781 | D:4      | Found a runed translucent door.
  4782 | D:4      | Noticed Crazy Yiuf
  4887 | D:4      | Noticed Blork the orc
  5060 | D:3      | Reached skill level 1 in Evocations
  5060 | D:3      | Reached XP level 5. HP: 14/29 MP: 8/15
  5695 | D:4      | Mangled by Blork the orc

Illustrated notes

Levels and vault maps discovered:
D:1:      mrwooster_arrival_statue_3, layout_basic,
          hellmonk_ecumenical_altar_leap_of_faith
D:2:      layout_rooms, minmay_misc_feat_encased, chequers_big_river,
          minmay_misc_feat_roman
D:3:      layout_loops_ring, serial_shops, shop
D:4:      layout_basic, uniq_crazy_yiuf_cottage, uniq_blork_the_orc

Skill      XL: |  1  2  3  4 |
---------------+-------------+-----
Spellcasting   | 5 |  5.6
Stealth        | 3 |  3.3
Fighting       | 1 |  1.4
Evocations     | 1 |  1.1
Short Blades   | |  0.8
Armour         | |  0.6
Dodging        | |  2.9
Conjurations   | |  1.8
Hexes          | |  0.3
Summonings     | |  1.9
Translocations | |  1.1

Action                     |  1- 3 |  4- 6 || total
---------------------------+-------+-------++-------
  Melee: Dagger            |    62 |    49 ||   111
   Cast: Magic Dart        |    61 |    30 ||    91
         Call Imp          |    21 |    17 ||    38
         Slow              |     3 |     5 ||     8
    Use: Scroll            |     9 |       ||     9
         Potion            |     1 |     1 ||     2
   Stab: Sleeping          |     3 |     1 ||     4
         Distracted        |     1 |       ||     1
 Armour: Robe              |    33 |       ||    33
         Leather armour    |       |    46 ||    46
  Dodge: Dodged            |    49 |    25 ||    74

Table legend: (Time is in decaauts)
 A = Elapsed time spent in this place.
 B = Non-inter-level travel time spent in this place.
 C = Inter-level travel time spent in this place.
 D = Time resting spent in this place.
 E = Time spent auto-exploring this place.
 F = Levels seen in this place.
 G = Mean time per level.
                   A        B        C        D        E       F      G
               +--------+--------+--------+--------+--------+-----+--------+
         Total |   5720 |   5676 |     44 |   2549 |    968 |   4 | 1430.0 |
       Dungeon |   5720 |   5676 |     44 |   2549 |    968 |   4 | 1430.0 |
               +--------+--------+--------+--------+--------+-----+--------+

Top non-repeatable levels by time:
     D:3: 2057 daAuts
     D:2: 1726 daAuts
     D:1: 1491 daAuts
     D:4: 445 daAuts
